 Dungeon Crawl Stone Soup version 0.28-a0-465-ge2dae52223 (console) character file.

Game seed: 7660176680754452696

254 nht the Cutter (level 5, -5/58 HPs)
             Began as a Vampire Berserker on Sept 14, 2021.
             Was a Believer of Trog.
             Slain by amoeba's ghost (15 damage)
             ... on level 3 of the Dungeon.
             The game lasted 00:03:35 (2183 turns).

nht the Cutter (Vampire Berserker)                  Turns: 2183, Time: 00:03:36

Health: -5/58      AC:  2    Str: 16    XL:     5   Next: 90%
Magic:  5/5        EV: 12    Int: 10    God:    Trog [**....]
Gold:   82         SH:  0    Dex: 14    Spells: 4/4 levels left

rFire   . . .      SeeInvis +   a - +1 short sword
rCold   . . .      Faith    .   (no shield)
rNeg    . . .      Spirit   .   b - +0 animal skin
rPois   .          Reflect  .   (no helmet)
rElec   .          Harm     .   (no cloak)
rCorr   +          Rampage  .   (no gloves)
Will    .....                   (no boots)
Stlth   ..........              f - amulet of regeneration
HPRegen 1.39/turn               l - ring of resist corrosion
MPRegen 0.09/turn               (no ring)

@: berserking (expiring), lethally poisoned (-5 -> -5), healing quickly, very
quick
A: alive, fangs 3, see invisible, vampiric 2
a: Exsanguinate, Renounce Religion, Berserk, Trog's Hand


You were on level 3 of the Dungeon.
You worshipped Trog.
Trog was pleased with you.
You visited 1 branch of the dungeon, and saw 3 of its levels.

You collected 82 gold pieces.

Inventory:

Hand Weapons
 a - a +1 short sword (weapon)
Missiles
 e - 13 poisoned darts (quivered)
 g - 2 boomerangs
Armour
 b - a +0 animal skin (worn)
Jewellery
 f - an amulet of regeneration (around neck)
 l - a ring of resist corrosion (left hand)
Wands
 m - a wand of iceblast (5)
Scrolls
 c - 2 scrolls of identify {unknown}
 d - a scroll of blinking {unknown}
Potions
 h - a potion of curing {unknown}
 i - 3 potions of heal wounds {unknown}
 j - a potion of might {unknown}
 k - a potion of flight {unknown}


   Skills:
 - Level 2.6 Fighting
 + Level 7.3 Short Blades
 - Level 1.5 Armour
 - Level 2.1 Dodging


You had 4 spell levels left.
You didn't know any spells.
Your spell library was empty.

Dungeon Overview and Level Annotations

Branches:
Dungeon (3/15)

Altars:

Annotations:
D:3 amoeba's ghost, amateur MiFi


Innate Abilities, Weirdness & Mutations

Your natural rate of healing is accelerated.
You have razor-sharp teeth.
You have supernaturally acute eyesight. (SInv)
You are afflicted with vampirism and can become a bat while bloodless.


Message History

You feel sick.
You are no longer poisoned.
The adder barely misses you. The bullfrog misses you.
You puncture the bullfrog!
You kill the bullfrog!
Trog accepts your kill.
Your Short Blades skill increases to level 7!
You barely miss the adder.
The adder is severely wounded.
The adder bites you.
You hit amoeba's ghost. You bite amoeba's ghost.
Amoeba's ghost is lightly damaged.
The adder bites you.
You are poisoned.
The adder poisons you! Amoeba's ghost hits you!
* * * LOW HITPOINT WARNING * * *
You barely miss amoeba's ghost.
Amoeba's ghost is lightly damaged.
You feel sick.
You barely miss amoeba's ghost.
Amoeba's ghost is lightly damaged.
You feel sick. The adder barely misses you. Amoeba's ghost closely misses you.
You puncture amoeba's ghost!
You bite amoeba's ghost, but do no damage.
Amoeba's ghost is heavily damaged.
The adder bites you.
* * * LOW HITPOINT WARNING * * *
You barely miss amoeba's ghost.
Amoeba's ghost is heavily damaged.
You feel sick. Amoeba's ghost closely misses you.
You hit amoeba's ghost but do no damage.
Your bite misses amoeba's ghost.
Amoeba's ghost is heavily damaged.
The adder closely misses you.
You hit amoeba's ghost but do no damage.
Amoeba's ghost is heavily damaged.
You feel sick. The adder barely misses you.
Amoeba's ghost shouts, "I have seen your future, and it is all used up."
Amoeba's ghost hits you!
You die...

██†........██......█
██.........██......█
██.................████
.█.........███.█......█
.......)...███........█ █
.█..........(.█.......█..
...........██.██......>..
<.......█████.█.......██
████.█................█
█..>.....█.........█
.........█..█@██████
........... █...SW≈≈≈≈)≈
...............█.███████
..........<...██..██
...>..........


████ ....█...█...█ ....█...█..█ ██[†..██....██ █............█ .........█..█
.........█..█ You could see amoeba's ghost and an adder.

Vanquished Creatures
  A bullfrog (D:3)
  An orc priest (D:3)
  Jessica (D:2)
  An orc wizard (D:3)
  A gnoll (D:1)
  3 adders
  An adder zombie (D:1)
  A worm (D:2)
  4 dart slugs
  An orc (D:3)
  A bat zombie (D:1)
  2 endoplasms (D:2)
  4 giant cockroaches
  7 goblins
  6 hobgoblins
  4 jackals (D:2)
  3 kobolds
  2 quokkas (D:1)
  3 ball pythons
  10 bats
  5 frilled lizards (D:1)
  4 rats
66 creatures vanquished.

Notes
Turn   | Place    | Note
-------+----------+-------------------------------------------
     0 | D:1      | nht the Vampire Berserker began the quest for the Orb.
     0 | D:1      | Reached XP level 1. HP: 17/17 MP: 1/1
   110 | D:1      | Reached XP level 2. HP: 19/23 MP: 2/2
   114 | D:1      | Reached skill level 4 in Short Blades
   438 | D:1      | Gained mutation: You are afflicted with vampirism and can
                  | become a bat while bloodless. [Vampire growth]
   438 | D:1      | Reached XP level 3. HP: 24/28 MP: 3/3
   883 | D:1      | Reached skill level 5 in Short Blades
  1330 | D:2      | Reached ** piety under Trog
  1412 | D:2      | Reached XP level 4. HP: 30/34 MP: 4/4
  1468 | D:2      | Noticed Jessica
  1477 | D:2      | Killed Jessica
  1489 | D:2      | Found a faded altar of an unknown god.
  1565 | D:2      | Reached skill level 6 in Short Blades
  2102 | D:3      | Reached XP level 5. HP: 39/39 MP: 5/5
  2148 | D:3      | Found a runed translucent door.
  2163 | D:3      | Noticed amoeba's ghost (amateur MiFi)
  2176 | D:3      | Reached skill level 7 in Short Blades
  2183 | D:3      | Slain by amoeba's ghost

Illustrated notes

Levels and vault maps discovered:
D:1:      saegor_arrival_fortress, layout_basic, st_stairs_9
D:2:      layout_basic, shapermc_ecumenical_altar_ellora, uniq_jessica
D:3:      layout_rooms, mainiacjoe_overflow_alcove_4, ebering_ghost_sewer_d,
          saegor_snake_ambush

Skill      XL: |  1  2  3  4  5 |
---------------+----------------+-----
Short Blades   | 4 5 6 7 |  7.3
Fighting       | |  2.6
Armour         | |  1.5
Dodging        | |  2.1

Action                   |  1- 3 |  4- 6 || total
-------------------------+-------+-------++-------
Melee: Short sword       |   138 |    84 ||   222
       Bite              |    14 |     8 ||    22
Throw: Dart              |     8 |       ||     8
Invok: Berserk           |     2 |     2 ||     4
  Use: Scroll            |       |     2 ||     2
 Stab: Sleeping          |     3 |       ||     3
Armor: Animal skin       |    29 |    14 ||    43
Dodge: Dodged            |    80 |    54 ||   134

Table legend: (Time is in decaauts)
 A = Elapsed time spent in this place.
 B = Non-inter-level travel time spent in this place.
 C = Inter-level travel time spent in this place.
 D = Time resting spent in this place.
 E = Time spent auto-exploring this place.
 F = Levels seen in this place.
 G = Mean time per level.
                   A        B        C        D        E       F      G
               +--------+--------+--------+--------+--------+-----+--------+
         Total |   2181 |   1996 |    185 |      0 |   1501 |   3 |  727.0 |
       Dungeon |   2181 |   1996 |    185 |      0 |   1501 |   3 |  727.0 |
               +--------+--------+--------+--------+--------+-----+--------+

Top non-repeatable levels by time:
     D:1: 1205 daAuts
     D:2: 802 daAuts
     D:3: 173 daAuts
